 Dungeon Crawl Stone Soup version 0.26.1-2-gb8aa6d0cf2 (webtiles) character file.

Game seed: 1517034226603410099

1885 jlumianski the Magician (level 9, -12/62 HPs)
             Began as a Gnoll Warper on Mar 21, 2021.
             Was an Initiate of Makhleb.
             Mangled by a red ugly thing (17 damage)
             ... on level 7 of the Dungeon.
             The game lasted 00:35:58 (7082 turns).

jlumianski the Magician (Gnoll Warper)              Turns: 7082, Time: 00:35:58

Health: -12/62     AC:  9    Str: 21    XL:     9   Next: 14%
Magic:  12/18      EV: 18    Int: 18    God:    Makhleb [......]
Gold:   267        SH:  5    Dex: 14    Spells: 12/20 levels left

rFire    . . .     SeeInvis +   v - +2 falchion (freeze)
rCold    . . .     Faith    .   (no shield)
rNeg     . . .     Spirit   .   i - +0 ring mail
rPois    .         Reflect  +   R - +0 helmet of Ucsut {Str+4 SInv}
rElec    .         Harm     .   D - +1 cloak {Stlth+}
rCorr    .         Rampage  .   (no gloves)
Will     .....                  (no boots)
Stlth    ++........             f - amulet of reflection
HPRegen  0.20/turn              A - +4 ring of evasion
MPRegen  0.16/turn              (no ring)

@: no status effects
A: distributed training, fangs 1, frail 1, strong 1, strong nose
a: Renounce Religion


You were on level 7 of the Dungeon.
You worshipped Makhleb.
Makhleb was noncommittal.
You visited 1 branch of the dungeon, and saw 7 of its levels.
You also visited: Sewer.

You collected 523 gold pieces.
You spent 256 gold pieces at shops.

Inventory:

Hand Weapons
 v - a +2 falchion of freezing (weapon)
 y - a +0 dagger
 B - a +2 vorpal flail
 C - a +2 quarterstaff of chaos
 E - a +2 mace of protection
 H - the cursed +0 mace "Potaewiotzi" {vorpal, rElec rC+ Dex-4}
   (You found it on level 4 of the Dungeon)

   It inflicts extra damage upon your enemies.
   It affects your dexterity (-4).
   It protects you from cold.
   It insulates you from electricity.
   It has a curse placed upon it.
 K - a +0 shortbow
 N - a +1 vampiric trident
Missiles
 c - 152 stones
 e - 5 boomerangs of dispersal
 h - 44 sling bullets
 k - 65 bolts
 l - 11 poisoned darts (quivered)
 L - 58 arrows
Armour
 i - a +0 ring mail (worn)
 D - a +1 cloak of stealth (worn)
 R - the +0 helmet of Ucsut (worn) {Str+4 SInv}
   (You bought it in a shop on level 6 of the Dungeon)

   It affects your strength (+4).
   It lets you see invisible.
Jewellery
 a - a +6 ring of intelligence {unknown}
 f - an amulet of reflection (around neck)
 A - a +4 ring of evasion (left hand)
 G - a +4 ring of evasion
 J - an uncursed ring of fire
Wands
 t - a wand of flame (40)
 S - a wand of disintegration (12)
Scrolls
 b - a scroll of fog
 d - 2 scrolls of blinking
 m - a scroll of immolation
 n - 7 scrolls of identify
 o - 5 scrolls of remove curse
 p - 2 scrolls of fear
 r - 4 scrolls of teleportation
 I - 2 scrolls of magic mapping
 Q - a scroll of enchant weapon
Potions
 j - a potion of heal wounds
 x - 2 potions of might
 F - a potion of magic
 O - a potion of mutation


   Skills:
 + Level 6.1 Fighting
 + Level 3.9 Short Blades
 + Level 3.9 Long Blades
 + Level 6.1 Axes
 + Level 3.9 Maces & Flails
 + Level 3.9 Polearms
 + Level 3.9 Staves
 + Level 3.9 Slings
 + Level 3.9 Bows
 + Level 3.9 Crossbows
 + Level 4.8 Throwing
 + Level 4.8 Armour
 + Level 6.1 Dodging
 + Level 3.9 Stealth
 + Level 3.9 Shields
 + Level 3.9 Unarmed Combat
 + Level 6.4 Spellcasting
 + Level 3.2 Conjurations
 + Level 3.2 Hexes
 + Level 3.2 Summonings
 + Level 3.2 Necromancy
 + Level 6.4 Translocations
 + Level 3.2 Transmutations
 + Level 3.2 Fire Magic
 + Level 3.2 Ice Magic
 + Level 3.2 Air Magic
 + Level 3.2 Earth Magic
 + Level 3.2 Poison Magic
 + Level 4.3 Invocations
 + Level 3.9 Evocations


You had 12 spell levels left.
You knew the following spells:

 Your Spells              Type           Power        Failure   Level
a - Gell's Gravitas       Tloc           14%          3%          3
b - Teleport Other        Tloc           28%          3%          3
c - Blink                 Tloc           N/A          1%          2

Your spell library contained the following spells:

 Spells                   Type           Power        Failure   Level
 Lesser Beckoning         Tloc           14%          3%          3
 Corona                   Hex            18%          4%          1
 Slow                     Hex            17%          7%          2
 Portal Projectile        Hex/Tloc       46%          8%          3
 Passage of Golubria      Tloc           N/A          13%         4
 Inner Flame              Hex/Fire       17%          14%         3
 Cause Fear               Hex            8%           43%         4
 Leda's Liquefaction      Hex/Erth       8%           43%         4


Dungeon Overview and Level Annotations

Branches:
Dungeon (7/15)             Temple (0/1) D:5           Sewer (visited)

Altars:
Makhleb
Okawaru
Trog
Xom

Shops:
D:6 *


Innate Abilities, Weirdness & Mutations

Your experience applies equally to all skills.
You have very sharp teeth.
Your uncanny sense of smell can sniff out nearby items.
You are frail. (-10% HP)
Your muscles are strong. (Str +2)


Message History

Press: ? - help, Dir - move target, f/p - red ugly thing
Aim: a red ugly thing (moderately wounded) Gravity reorients around the red ugly thing.
The orc wizard collides with the red ugly thing!
The red ugly thing gores you but does no damage.
You block the orc wizard's attack.
Casting: Gell's Gravitas (dangerous; 3% risk of failure)
Confirm with . or Enter, or press ? or * to list all spells.
Aiming: Gell's Gravitas (dangerous; 3% risk of failure)
Press: ? - help, Dir - move target, f/p - red ugly thing
Aim: a red ugly thing (moderately wounded) Gravity reorients around the red ugly thing.
The orc wizard collides with the red ugly thing!
The red ugly thing gores you.
You are engulfed in flames!!
* * * LOW HITPOINT WARNING * * *
The orc wizard hits you but does no damage.
You remove your +4 ring of evasion.
The red ugly thing gores you.
* * * LOW HITPOINT WARNING * * *
You are engulfed in flames!
You die...

*,* *,* *,**>* ,,*
*.###.**,* ***
*.....**,* *******
**...,,,,* *,,,,,*
*#.##**** *,,,,,*
##..#### *,..,,*
#......##
*,....####.#.##..#
**,..........ou@..#
*,,..#####.#####..#
*,**,*#.......##†##
**,**,*#.......##.#
,,,*#,*#.......##.#
########
*#.##.###o###+###.#
#......#
,..........#......#
#.####.#
*..##.##...#...##.#
#.####<##
,,,,∆,*#'#+#+#+*#.#
#####....†...


You could see a red ugly thing and an orc wizard.

Vanquished Creatures
  Sigmund (D:3)
  2 ogres
  3 centaurs
  A big kobold (Sewer)
  A bullfrog (D:6)
  A gnoll sergeant (D:5)
  6 killer bees
  A howler monkey (D:7)
  3 jellies
  4 orc wizards
  Crazy Yiuf (D:3)
  An orc priest (D:5)
  A hound (D:5)
  An iguana (D:2)
  5 worker ants
  A killer bee zombie (D:6)
  Robin (D:2)
  3 gnolls
  11 adders
  3 river rats
  A shadow imp (D:5)
  A white imp (D:6)
  2 ufetubi
  5 oozes
  An adder zombie (D:4)
  An adder skeleton (D:4)
  7 worms
  3 dart slugs
  7 leopard geckos
  8 orcs
  3 ball pythons
  5 giant cockroaches
  16 goblins
  13 hobgoblins
  4 jackals (D:2)
  6 quokkas
  7 bats
  3 frilled lizards
  A jackal skeleton (D:4)
  11 kobolds
  2 leopard gecko skeletons
  5 rats
163 creatures vanquished.

Vanquished Creatures (others)
  2 fungi (D:3)
  12 plants (D:1)
14 creatures vanquished.

Grand Total: 177 creatures vanquished

Notes
Turn   | Place    | Note
-------+----------+-------------------------------------------
     0 | D:1      | jlumianski the Gnoll Warper began the quest for the Orb.
     0 | D:1      | Reached XP level 1. HP: 20/20 MP: 6/6
    26 | D:1      | Reached XP level 2. HP: 26/26 MP: 7/7
   445 | D:1      | Reached skill level 5 in Spellcasting
   445 | D:1      | Reached XP level 3. HP: 19/31 MP: 7/9
   889 | D:2      | Reached skill level 1 in Invocations
   940 | D:2      | Reached skill level 1 in Short Blades
   940 | D:2      | Reached skill level 1 in Long Blades
   940 | D:2      | Reached skill level 1 in Maces & Flails
   940 | D:2      | Reached skill level 1 in Polearms
   940 | D:2      | Reached skill level 1 in Staves
   940 | D:2      | Reached skill level 1 in Slings
   940 | D:2      | Reached skill level 1 in Bows
   940 | D:2      | Reached skill level 1 in Crossbows
   940 | D:2      | Reached skill level 1 in Stealth
   940 | D:2      | Reached skill level 1 in Shields
   940 | D:2      | Reached skill level 1 in Unarmed Combat
   940 | D:2      | Reached skill level 1 in Evocations
  1054 | D:3      | Reached XP level 4. HP: 34/38 MP: 11/11
  1249 | D:2      | Noticed Robin
  1283 | D:1      | Learned a level 3 spell: Gell's Gravitas
  1287 | D:1      | Learned a level 3 spell: Teleport Other
  1452 | D:2      | Killed Robin
  1453 | D:2      | Reached skill level 1 in Conjurations
  1453 | D:2      | Reached skill level 1 in Hexes
  1453 | D:2      | Reached skill level 1 in Summonings
  1453 | D:2      | Reached skill level 1 in Necromancy
  1453 | D:2      | Reached skill level 1 in Transmutations
  1453 | D:2      | Reached skill level 1 in Fire Magic
  1453 | D:2      | Reached skill level 1 in Ice Magic
  1453 | D:2      | Reached skill level 1 in Air Magic
  1453 | D:2      | Reached skill level 1 in Earth Magic
  1453 | D:2      | Reached skill level 1 in Poison Magic
  1594 | D:2      | Learned a level 2 spell: Blink
  1762 | D:2      | Reached XP level 5. HP: 43/43 MP: 12/12
  2708 | D:3      | Found a shimmering altar of Xom.
  2782 | D:3      | Reached XP level 6. HP: 50/50 MP: 13/13
  2832 | D:3      | Found a runed translucent door.
  2833 | D:3      | Noticed Crazy Yiuf
  2844 | D:3      | Killed Crazy Yiuf
  3078 | D:3      | Noticed Sigmund
  3092 | D:3      | Killed Sigmund
  3093 | D:3      | Reached skill level 5 in Fighting
  3093 | D:3      | Reached skill level 5 in Axes
  3093 | D:3      | Reached skill level 5 in Dodging
  3238 | D:3      | Found a faded altar of an unknown god.
  3456 | D:4      | Reached XP level 7. HP: 54/56 MP: 15/15
  3550 | D:4      | Got a scorched mace
  3551 | D:4      | Identified the cursed +0 mace "Potaewiotzi" {vorpal, rElec
                  | rC+ Dex-4} (You found it on level 4 of the Dungeon)
  3578 | D:5      | Entered Level 5 of the Dungeon
  3605 | D:5      | Found a glowing drain.
  3623 | Sewer    | Entered a sewer
  4067 | D:6      | Found a burning altar of Makhleb.
  4070 | D:6      | Found a bloodstained altar of Trog.
  4075 | D:6      | Became a worshipper of Makhleb the Destroyer
  4809 | D:5      | Reached XP level 8. HP: 47/63 MP: 16/16
  4842 | D:5      | Found a staircase to the Ecumenical Temple.
  4918 | D:5      | Found an iron altar of Okawaru.
  5260 | D:5      | You fall into a shaft and drop 2 floors!
  6177 | D:6      | Found Egreg's Assorted Antiques.
  6193 | D:6      | Bought a buzzing helmet for 256 gold pieces
  6193 | D:6      | Identified the +0 helmet of Ucsut {Str+4 SInv} (You bought
                  | it in a shop on level 6 of the Dungeon)
  6242 | D:6      | Gained mutation: You are frail. (-10% HP) [potion of
                  | mutation]
  6242 | D:6      | Gained mutation: Your muscles are strong. (Str +2) [potion
                  | of mutation]
  6794 | D:6      | Reached XP level 9. HP: 40/62 MP: 3/18
  7059 | D:7      | Noticed a red ugly thing
  7082 | D:7      | Mangled by a red ugly thing

Illustrated notes

Levels and vault maps discovered:
D:1:      eino_arrival_tree_alley, layout_rooms
D:2:      layout_basic, uniq_robin
D:3:      layout_rooms, xom_teletrap_fun, chequers_ecumenical_altar_lobes,
          hangedman_decor_clover_reticule, uniq_sigmund, uniq_crazy_yiuf_cottage
D:4:      layout_basic
D:5:      layout_basic, okawaru_trees_1, minmay_temple_entry_sparse_star,
          cheibrodos_sewer_entry_sluice
D:6:      layout_cave_pods, grunt_temple_overflow_open, serial_shops, shop,
          kennysheep_generic_room_2
D:7:      minmay_the_grid_plus [minmay_the_grid_tree, minmay_the_grid_x,
          minmay_the_grid_stretched_grid, minmay_the_grid_mess,
          minmay_the_grid_prize_inner_circle], layout_loops_cross,
          grunt_dithmenos_smoke, serial_shops, nicolae_shop_crystal, uniq_joseph

Skill      XL: |  1  2  3  4  5  6  7  8 |
---------------+-------------------------+-----
Spellcasting   | 5 6 |  6.4
Invocations    | 1 2 3 4 |  4.3
Short Blades   | 1 2 3 |  3.9
Long Blades    | 1 2 3 |  3.9
Maces & Flails | 1 2 3 |  3.9
Polearms       | 1 2 3 |  3.9
Staves         | 1 2 3 |  3.9
Slings         | 1 2 3 |  3.9
Bows           | 1 2 3 |  3.9
Crossbows      | 1 2 3 |  3.9
Stealth        | 1 2 3 |  3.9
Shields        | 1 2 3 |  3.9
Unarmed Combat | 1 2 3 |  3.9
Evocations     | 1 2 3 |  3.9
Conjurations   | 1 2 3 |  3.2
Hexes          | 1 2 3 |  3.2
Summonings     | 1 2 3 |  3.2
Necromancy     | 1 2 3 |  3.2
Transmutations | 1 2 3 |  3.2
Fire Magic     | 1 2 3 |  3.2
Ice Magic      | 1 2 3 |  3.2
Air Magic      | 1 2 3 |  3.2
Earth Magic    | 1 2 3 |  3.2
Poison Magic   | 1 2 3 |  3.2
Throwing       | 3 4 |  4.8
Armour         | 3 4 |  4.8
Fighting       | 5 6 |  6.1
Axes           | 5 6 |  6.1
Dodging        | 5 6 |  6.1
Translocations | 6 |  6.4

Action                   |  1- 3 |  4- 6 |  7- 9 || total
-------------------------+-------+-------+-------++-------
Melee: Hand axe          |    83 |    68 |       ||   151
       Bite              |     5 |    23 |    35 ||    63
       Falchion          |       |   106 |   234 ||   340
       Punch             |       |     1 |     7 ||     8
       Trident           |       |       |    27 ||    27
 Fire: Shortbow          |       |       |     4 ||     4
Throw: Stone             |    17 |       |       ||    17
       Dart              |     2 |    14 |     4 ||    20
 Cast: Gell's Gravitas   |       |     4 |    18 ||    22
Evoke: Wand              |       |       |     1 ||     1
  Use: Scroll            |       |     6 |    11 ||    17
       Potion            |       |     1 |     7 ||     8
 Stab: Sleeping          |       |     1 |     4 ||     5
Armor: Leather armour    |     4 |       |       ||     4
       Ring mail         |    19 |    26 |    40 ||    85
Dodge: Dodged            |    51 |   103 |   285 ||   439
Block: Other             |       |    45 |    75 ||   120
       Reflection        |       |     2 |     2 ||     4
       Rpst.: Falchion   |       |    18 |    70 ||    88
